 Dungeon Crawl Stone Soup version 0.20-a0-1008-g0de3dc5 (webtiles) character file.

267 dvd the Chiller (level 6, 0/45 HPs)
             Began as a Draconian Ice Elementalist on Apr 14, 2017.
             Succumbed to a worker ant's poison
             ... on level 4 of the Dungeon.
             The game lasted 00:11:32 (3277 turns).

dvd the Chiller (Draconian Ice Elementalist)        Turns: 3277, Time: 00:11:33

Health: 0/45       AC:  6    Str: 17    XL:     6   Next: 0%
Magic:  1/11       EV: 12    Int: 23    God:
Gold:   92         SH:  0    Dex: 11    Spells: 6/12 levels left

rFire    . . .     SeeInvis +   z - +1 shortbow "Iwucoce" {venom, Str+7} (curse)
rCold    . . .     Gourm    .   (shield currently unavailable)
rNeg     . . .     Faith    .   (armour unavailable)
rPois    .         Spirit   .   (helmet restricted)
rElec    .         Reflect  .   (no cloak)
rCorr    .         Harm     .   (no gloves)
MR       .....                  (no boots)
Stlth    ++........             l - amulet of inaccuracy (curse)
Regen    0.2/turn               r - ring of see invisible
MPRegen  0.2/turn               (no ring)

@: brilliant, lethally poisoned (0 -> -3), very slightly contaminated, hasted,
very quick
A: unfitting armour, cold-blooded, AC +6
a: no special abilities


You were on level 4 of the Dungeon.
You were not hungry.

You visited 1 branch of the dungeon, and saw 4 of its levels.

You collected 92 gold pieces.

Inventory:

Hand Weapons
 c - a +1 short sword of speed
 e - a cursed -2 hand axe
 n - a +2 rapier of draining
 s - a cursed -3 short sword
 t - a cursed -2 flail
 z - the cursed +1 shortbow "Iwucoce" (weapon) {venom, Str+7}
   (You found it on level 4 of the Dungeon)

   It poisons the ammo it fires.
   It affects your strength (+7).
   It has a curse placed upon it.
Missiles
 i - 50 arrows (quivered)
Magical Staves
 p - an uncursed staff of power
Jewellery
 d - an uncursed amulet of faith {unknown}
 l - a cursed amulet of inaccuracy (around neck)
 r - a ring of see invisible (left hand)
Wands
 y - a wand of acid (6/15)
Potions
 f - 2 potions of flight {unknown}
 g - 2 potions of brilliance
 h - 2 potions of haste
 k - a potion of lignification {unknown}
 o - a potion of curing {unknown}
 w - a potion of ambrosia {unknown}
Books
 a - a book of Frost

   Spells                             Type                      Level
   a - Freeze                         Ice                          1
   b - Throw Frost                    Conjuration/Ice              2
   c - Ozocubu's Armour               Charms/Ice                   3
   d - Throw Icicle                   Conjuration/Ice              4
   e - Summon Ice Beast               Ice/Summoning                4
Comestibles
 b - a bread ration
 m - a meat ration
 x - a chunk of flesh


   Skills:
 + Level 0.2 Fighting
 + Level 0.4 Short Blades
 + Level 0.2 Staves
 + Level 2.2 Dodging
 + Level 2.3 Stealth
 + Level 3.7 Spellcasting
 + Level 1.3 Conjurations
 + Level 0.6 Charms
 + Level 4.8 Ice Magic


You had 6 spell levels left.
You knew the following spells:

 Your Spells              Type           Power        Failure   Level  Hunger
a - Freeze                Ice            ####         1%          1    None
b - Throw Frost           Conj/Ice       ####..       1%          2    #......
c - Ozocubu's Armour      Chrm/Ice       ####....     1%          3    ###....


Dungeon Overview and Level Annotations

Branches:
Dungeon (4/15)
 Temple: D:4-7

Altars:
Yredelemnul


Innate Abilities, Weirdness & Mutations

Your plain brown scales are hard. (AC +6)
You cannot fit into any form of body armour.
You are cold-blooded and may be slowed by cold attacks.


Message History

Aim: a worker ant (almost dead)
You miscast Freeze.
You are very lightly contaminated with residual magic.
You shiver with cold.
You feel sick. The worker ant bites you!
* * * LOW HITPOINT WARNING * * *
Unknown command.
Firing (i - inventory):
i - 51 arrows (quivered)
Press: ? - help, Shift-Dir - straight line, f/p - worker ant
Aim: a worker ant (almost dead)
You shoot an arrow. The arrow barely misses the worker ant.
You feel sick. The worker ant bites you.
* * * LOW HITPOINT WARNING * * *
The worker ant bites you.
* * * LOW HITPOINT WARNING * * *
Unknown command.
It was a potion of brilliance.
You feel clever all of a sudden.
The worker ant bites you but does no damage.
It was a potion of haste.
You feel yourself speed up.
You die...

.# #.#.# #.....#
♣.♣♣ ♣♣. ## #.#.#
####### ♣♣.♣ ♣
#.#.# ♣.♣♣ #.#.#
## ♣♣.♣ #.#.# ..
♣.♣♣ #.#.## .#
♣♣.♣ #....#### (#
♣.♣♣♣♣♣
###.....#####.###
♣♣.♣♣.♣
##.##....@a..(#
♣♣...♣♣
#.########.##.#
♣♣♣... #.# ...
♣♣... #.# ####
♣.... ... ♣♣...
#(# ♣.♣$. #.#
♣♣♣♣♣ ..#


You could see a worker ant.

Vanquished Creatures
  An orc priest (D:3)
  2 orc wizards
  3 worker ants (D:4)
  3 adders
  2 worms
  2 dart slugs
  3 leopard geckos
  7 orcs
  5 bats
  2 giant cockroaches
  9 goblins
  9 hobgoblins
  8 kobolds
  A quokka (D:2)
  A ball python (D:3)
  3 frilled lizards
  9 rats
  A spectral orc (D:3)
71 creatures vanquished.

Notes
Turn   | Place    | Note
-------+----------+-------------------------------------------
     0 | D:1      | dvd the Draconian Ice Elementalist began the quest for the Orb.
     0 | D:1      | Reached XP level 1. HP: 14/14 MP: 3/3
   153 | D:1      | Reached XP level 2. HP: 14/20 MP: 0/5
   184 | D:1      | Learned a level 2 spell: Throw Frost
   847 | D:2      | Reached XP level 3. HP: 26/26 MP: 2/6
  1236 | D:2      | Learned a level 3 spell: Ozocubu's Armour
  1894 | D:3      | Reached XP level 4. HP: 28/33 MP: 8/8
  1955 | D:3      | Reached skill level 4 in Ice Magic
  2171 | D:3      | Reached XP level 5. HP: 21/38 MP: 1/9
  2598 | D:3      | Found a basalt altar of Yredelemnul.
  3071 | D:4      | Got a shimmering shortbow
  3072 | D:4      | Identified the cursed +1 shortbow "Iwucoce" {venom, Str+7} (You found it on level 4 of the Dungeon)
  3268 | D:4      | Reached XP level 6. HP: 37/45 MP: 6/11
  3275 | D:4      | HP: 1/45 [worker ant (5)]
  3277 | D:4      | Succumbed to a worker ant's poison

Vault maps used:
D:1:      nicolae_arrival_memento_mori, minmay_misc_feat_alley
D:2:      hangedman_decor_growths, feat_on_display
D:3:      yredelemnul_forgotten_temple_becter
D:4:      kb_forest_paths

Skill      XL: |  1  2  3  4 |
---------------+-------------+-----
Dodging        | 2 |  2.2
Ice Magic      | 4 |  4.8
Spellcasting   | 3 |  3.7
Stealth        | 2 |  2.3
Fighting       | |  0.2
Short Blades   | |  0.4
Staves         | |  0.2
Conjurations   | |  1.3
Charms         | |  0.6

Action                   |  1- 3 |  4- 6 || total
-------------------------+-------+-------++-------
Melee: Short sword       |    68 |     3 ||    71
       Tailslap          |     6 |       ||     6
       Staff             |       |    16 ||    16
 Fire: Shortbow          |       |     2 ||     2
 Cast: Freeze            |    39 |    49 ||    88
       Throw Frost       |    15 |    22 ||    37
       Ozocubu's Armour  |       |     4 ||     4
  Use: Scroll            |       |     5 ||     5
       Potion            |       |     2 ||     2
  Eat: Chunk             |     4 |     7 ||    11
Armor: Skin              |    15 |    11 ||    26
Dodge: Dodged            |    59 |    32 ||    91
